Cogmind - Beta 15 @@@ ROGUE MODE // 2025.08.05 @ 21:45:59 Player: Leperion Result: Destroyed by H-61 Shepherd with Heavy Assault Cannon Performance ------------- Evolutions (2) 1000 Regions Visited (3) 600 Robots Destroyed (101) 505 Value Destroyed (2586) 2586 Prototype IDs (7) 140 Alien Tech Used (0) 0 Bonus (4) 4 TOTAL SCORE: 4835 Bonus ------- High Alert Combat Kills 4 Cogmind --------- Core Integrity 0/550 Matter 290/300 Energy 99/100 System Corruption 1% Temperature Cool (0) Movement Core (50) Location -8/Materials Parts ------- > --- POWER (1) -------- (None) > --- PROPULSION (2) --- (None) > --- UTILITY (5) ------ Improved Signal Interpreter Advanced Terrain Scan Processor Advanced Targeting Computer > --- WEAPON (3) ------- (None) > --- INVENTORY (5) ---- Light Nuclear Core Small Storage Unit Core Shielding Utility Shielding Improved Light Armor Plating Peak State ------------ > --- POWER ------------ Nuclear Core > --- PROPULSION ------- Armored Treads Armored Treads > --- UTILITY ---------- Large Storage Unit Improved Sensor Array Improved Signal Interpreter Advanced Targeting Computer Hacking Suite > --- WEAPON ----------- High-powered Shotgun Shock Bomb Launcher Shock Bomb Launcher > --- INVENTORY -------- Nuclear Core Heat Sink Small Storage Unit Weight Redist. System Advanced Terrain Scan Processor Core Shielding Utility Shielding Improved Light Armor Plating Improved Light Armor Plating Minigun [Rating: 33] Favorites ----------- Power Ion Engine Engine Ion Engine Power Core Nuclear Core Propulsion Light Treads Treads Light Treads Leg Aluminum Leg Wheel Wheel Utility Large Storage Unit Device Improved Sensor Array Storage Large Storage Unit Processor Visual Processing Unit Hackware Hacking Suite Protection Light Armor Plating Weapon Heavy EM Pulse Gun Energy Gun Heavy EM Pulse Gun Energy Cannon EM Pulse Cannon Ballistic Gun Assault Rifle Launcher Shock Bomb Launcher Build | -11 -10 -9 -8 ------- Run | Yrd Mat Mat Mat Slots Evolved 4 | . . 2 2 Power . | . . . . Propulsion . | . . . . Utility 3 | . . 2 1 Weapon 1 | . . . 1 Parts Attached 60 | 5 15 22 18 Power 9 | 1 2 3 3 Engine 6 | 1 2 3 . Core 3 | . . . 3 Reactor . | . . . . Propulsion 13 | 2 5 4 2 Treads 8 | 2 . 4 2 Leg 3 | . 3 . . Wheel 2 | . 2 . . Hover . | . . . . Flight . | . . . . Utility 20 | 1 3 8 8 Device 4 | . 1 2 1 Storage 2 | 1 1 . . Processor 5 | . . 1 4 Hackware 2 | . 1 . 1 Protection 7 | . . 5 2 Artifact . | . . . . Weapon 18 | 1 5 7 5 Energy Gun 7 | . 1 5 1 Energy Cannon 1 | . . . 1 Ballistic Gun 6 | 1 3 . 2 Ballistic Cannon . | . . . . Launcher 4 | . 1 2 1 Special Weapon . | . . . . Impact Weapon . | . . . . Slashing Weapon . | . . . . Piercing Weapon . | . . . . Special Melee Weapon . | . . . . Unidentified Prototypes . | . . . . Parts Lost 37 | . 7 13 17 Power 7 | . 2 3 2 Propulsion 9 | . 4 1 4 Utility 9 | . . 6 3 Weapon 12 | . 1 3 8 Highest Loss Streak 10 | . 4 3 10 To Critical Strikes . | . . . . Average Backups 10 | 3 8 11 11 Power 1 | . 1 1 . Propulsion 1 | 1 1 1 1 Utility 4 | . 2 5 7 Weapon 2 | 1 2 2 1 Tool/Special . | . . . . Unused Backups 8 | . 2 . 6 Power 1 | . . . 1 Propulsion 1 | . 1 . . Utility 4 | . . . 4 Weapon 1 | . 1 . . Tool/Special 1 | . . . 1 Average Slot Usage (%) 96 | . 95 97 94 Engine 9 | . 13 10 . Core 1 | . . . 8 Treads 18 | . 16 20 17 Leg 3 | . 8 1 . Device 7 | . . 11 6 Storage 11 | . 14 11 8 Processor 8 | . . 10 15 Hackware 5 | . 10 . 8 Protection 5 | . . 9 4 Energy Gun 9 | . . 15 8 Ballistic Gun 9 | . 23 2 4 Launcher 4 | . 3 2 9 Peak Build Rating 33 | 5 10 19 33 Average Rating 15 | 4 8 14 28 On Entrance 8 | . 5 9 19 Naked Turns . | . . . . Heaviest Build 46 | 12 30 42 46 Greatest Support 40 | 40 40 40 40 Greatest Overweight (x) 7 | . 7 2 1 Average Overweight (x) . | . . . . Largest Inventory Capacity 15 | 8 15 15 15 Average Capacity 14 | 7 14 15 14 Most Carried 15 | 5 11 15 15 Average Carried 10 | 3 8 11 11 Final Capacity 15 | 8 15 15 5 Final Carried 15 | 5 8 15 5 Class Distribution -------------------- 63% | Mutant 21% | Scavenger-Mutant 8% | Gunner 7% | Skirmisher Dominant Class ---------------- Mutant | -10/Materials Mutant | -9/Materials Gunner | -8/Materials Resources | -11 -10 -9 -8 ----------- Run | Yrd Mat Mat Mat Matter Collected 1465 | 198 505 456 306 Remotely . | . . . . Salvage Created 3471 | . 590 1623 1258 Parts 229 | . 47 98 84 Haulers Intercepted 1 | . . 1 . Recyclers Shooed 3 | . 1 2 . Parts Field Recycled . | . . . . Retrieved Matter . | . . . . Parts Self-Destructed . | . . . . Prevented . | . . . . Kills | -11 -10 -9 -8 ------- Run | Yrd Mat Mat Mat Combat Hostiles Destroyed 72 | . 17 35 20 Guns 49 | . 17 26 6 Cannons 2 | . . . 2 AOE 18 | . . 7 11 Classes Destroyed 13 | . 5 5 3 Worker 2 | . . 1 1 Builder 9 | . 1 1 7 Tunneler 1 | . . . 1 Hauler 1 | . . 1 . Recycler 3 | . . 2 1 Mechanic 1 | . . . 1 Operator 1 | . 1 . . Watcher 11 | . 3 4 4 Swarmer 23 | . 6 10 7 Grunt 36 | . 11 17 8 Duelist 1 | . . 1 . Sentry 10 | . . 7 3 Hunter 2 | . . . 2 Best Kill Streak 8 | . 4 5 8 Combat Bots Only 4 | . 3 4 4 Max Kills in Single Turn 5 | . 1 2 5 Gunslinging 1 | . . 1 . Exploded 2 | . . 2 2 Melee . | . . . . Uniques/NPCs Destroyed . | . . . . Combat | -11 -10 -9 -8 -------- Run | Yrd Mat Mat Mat Hostile Shots Fired 548 | . 132 183 233 Missed 161 | . 37 55 69 Hits 387 | . 95 128 164 Melee 3 | . . 2 1 Projectile 384 | . 95 126 163 AOE 1 | . . . 1 Critical Strikes 11 | . 2 3 6 Part Disruptions 2 | . 1 . 1 Damage Taken 5341 | . 1023 1756 2562 Core 951 | . 176 220 555 Absorbed by Shields . | . . . . Redirected to Shielding 3 | . . 3 . Regen/Repaired (Parts) 211 | . . 160 51 Core Remaining (%) 58 | 100 29 45 . Volleys Fired 231 | . 76 113 42 Largest 3 | . 2 2 3 Hottest 163 | . 60 100 163 Shots Fired 456 | . 135 220 101 Gun 402 | . 134 203 65 Cannon 11 | . . . 11 Launcher 43 | . 1 17 25 Special . | . . . . Kinetic 218 | . 122 82 14 Thermal 12 | . 12 . . Explosive 7 | . 1 6 . Electromagnetic 219 | . . 132 87 Robot Hit Streak 10 | . 9 10 10 Robot Miss Streak 6 | . 6 5 3 Penetration Max . | . . . . Secondary Targets 5 | . . 4 1 Max Gunslinging Chain 1 | . . 1 1 Shots Hit Robots 278 | . 78 141 59 Core Hits 154 | . 33 69 52 Critical Kills . | . . . . Critical Parts Destroyed 2 | . . 2 . Critical Strikes 6 | . . 5 1 Destroy 2 | . . 2 . Corrupt 4 | . . 3 1 Melee Attacks . | . . . . Impact . | . . . . Slashing . | . . . . Piercing . | . . . . Sneak Attacks . | . . . . Combat Hostiles . | . . . . Follow-up Attacks . | . . . . Damage Inflicted 5916 | . 944 2475 2497 Guns 3372 | . 911 1658 803 Cannons 204 | . . . 204 Explosions 2326 | . 33 817 1476 Melee . | . . . . Ramming 14 | . . . 14 Kinetic 1623 | . 856 515 252 Thermal 595 | . 55 237 303 Explosive 361 | . 33 202 126 Electromagnetic 3323 | . . 1521 1802 Impact . | . . . . Slashing . | . . . . Piercing . | . . . . Highest Corruption 1 | . . . 1 Average Corruption 1 | . . . 1 Corruption Purged . | . . . . Corruption Blocked . | . . . . Overload Shots . | . . . . Overflow Damage 62 | . . 23 39 Projectiles 11 | . . . 11 Explosions 51 | . . 23 28 Melee . | . . . . Knockbacks . | . . . . Impact . | . . . . Kinetic . | . . . . Secondary . | . . . . Self-Inflicted Damage 462 | . 32 181 249 Shots 24 | . 2 11 11 Rammed 2 | . . . 2 Targets Rammed 2 | . . . 2 Kicked . | . . . . Crushed . | . . . . Highest Temperature 378 | . 17 330 378 Average Temperature 76 | . 4 68 91 Received Heat Transfer 1677 | . 309 594 774 Effects 1 | . . 1 . Interference 1 | . . 1 . Siege Activations . | . . . . Martial Activations . | . . . . Shielding Activations . | . . . . Robots Disrupted . | . . . . Combat Hostiles . | . . . . Robots Corrupted 3 | . . 2 1 Combat Hostiles 3 | . . 2 1 Parts Fried 13 | . . 9 4 Impact Corruptions . | . . . . Robots Melted . | . . . . Combat Hostiles . | . . . . Parts Melted . | . . . . Heat Transferred 775 | . 125 300 350 Parts Sabotaged . | . . . . Parts Stolen . | . . . . Parts Stripped . | . . . . Power Chain Reactions 14 | . . 7 7 Alert | -11 -10 -9 -8 ------- Run | Yrd Mat Mat Mat Maximum Alert Level 2 | . . 2 1 Low Security (%) 77 | 100 100 71 59 Level 1 19 | . . 22 40 Level 2 2 | . . 5 . Level 3 . | . . . . Level 4 . | . . . . Level 5 . | . . . . High Security . | . . . . Max Security . | . . . . Peak Influence 437 | . 70 437 321 Initial 182 | . . 1 182 Average 117 | . 17 151 182 Influence Increases 2513 | . 485 1131 897 Destroy 0b10 Robot/C 1440 | . 340 700 400 Destroy 0b10 Robot/NC 145 | . 25 45 75 Destroy Leader 364 | . 76 180 108 Successful Hack 37 | . 8 11 18 Disable Machine 120 | . 15 45 60 Destroy Structure 107 | . 6 60 41 Lose Combat Pursuer 300 | . 15 90 195 Influence Decreases 2202 | . 480 704 1018 Entered New Map 254 | . . 4 250 Time Decay 1602 | . 405 599 598 Lost Part 306 | . 35 101 170 Purge Threat 40 | . 40 . . Squads Dispatched 18 | . 4 7 7 Investigation 9 | . 2 5 2 Extermination . | . . . . Reinforcement 9 | . 2 2 5 Assault . | . . . . Garrison . | . . . . Intercept . | . . . . Searches Triggered . | . . . . Construction Impeded 2 | . . . 2 Haulers Reinforced . | . . . . Active Scanning Responses . | . . . . Cargo Convoy Interrupts . | . . . . Stealth | -11 -10 -9 -8 --------- Run | Yrd Mat Mat Mat Distress Signals 13 | . 4 2 7 Communications Jammed . | . . . . Distress Signals . | . . . . Times Spotted 134 | . 37 49 48 Peak Tracking Total 11 | . 4 5 11 Tactical Retreats 14 | . 1 6 7 Traps | -11 -10 -9 -8 ------- Run | Yrd Mat Mat Mat Traps Triggered 6 | . 3 3 . Indirectly . | . . . . Trap Hack Attempts . | . . . . Triggered . | . . . . Disarmed . | . . . . Reprogrammed . | . . . . Reused . | . . . . Traps Extracted . | . . . . Installed . | . . . . Triggered . | . . . . Machines | -11 -10 -9 -8 ---------- Run | Yrd Mat Mat Mat Machines Disabled 8 | . 1 3 4 Max in Single Turn 2 | . 1 2 1 Machines Repaired . | . . . . Machines Dismantled . | . . . . Machines Sabotaged . | . . . . Overloaded Fab Kills . | . . . . Hacking | -11 -10 -9 -8 --------- Run | Yrd Mat Mat Mat Machines Accessed 24 | . 8 9 7 Terminals 14 | . 6 4 4 Fabricators . | . . . . Repair Stations 3 | . . 2 1 Recycling Units 5 | . 2 1 2 Scanalyzers 2 | . . 2 . Garrison Access . | . . . . Total Hacks 81 | . 30 27 24 Successful 56 | . 21 21 14 Failed 25 | . 9 6 10 Catastrophic 2 | . . . 2 Database Lockouts . | . . . . Manual . | . . . . Terminals 48 | . 20 13 15 Fabricators . | . . . . Repair Stations 10 | . . 8 2 Recycling Units 18 | . 10 1 7 Scanalyzers 5 | . . 5 . Garrison Access . | . . . . Terminal Hacks 30 | . 14 9 7 Record 10 | . 4 4 2 Prototype ID Bank 5 | . 3 1 1 Emergency Access Points 2 | . . 2 . Alert Level 4 | . 3 1 . Unreport Threat 1 | . 1 . . Dispatch Records 1 | . . . 1 Maintenance Status 2 | . 1 1 . Security Status 1 | . . . 1 Recall Investigation 1 | . . . 1 Hauler Manifests 1 | . 1 . . Zone Layout 2 | . 1 . 1 Fabricator Hacks . | . . . . Repair Station Hacks 9 | . . 7 2 Scan Component 5 | . . 4 1 Repair 4 | . . 3 1 Recycling Unit Hacks 13 | . 7 1 5 Recycle Component 1 | . 1 . . Process 4 | . 3 . 1 Report Inventory 7 | . 3 1 3 Retrieve Matter 1 | . . . 1 Scanalyzer 4 | . . 4 . Insert Component 3 | . . 3 . Analyze 1 | . . 1 . Garrison Access Hacks . | . . . . Unauthorized Hacks . | . . . . Terminals . | . . . . Fabricators . | . . . . Repair Stations . | . . . . Recycling Units . | . . . . Scanalyzers . | . . . . Garrison Access . | . . . . Data Cores Recovered . | . . . . Used . | . . . . Hacking Detections 18 | . 6 5 7 Full Trace Events 13 | . 6 3 4 Feedback Events . | . . . . Feedback Blocked . | . . . . Robot Schematics Acquired . | . . . . Robots Built . | . . . . Authchips . | . . . . Time . | . . . . Total Robot Build Rating . | . . . . Part Schematics Acquired 1 | . . 1 . Parts Built . | . . . . Authchips . | . . . . Time . | . . . . Total Part Build Rating . | . . . . Parts Repaired 4 | . . 3 1 Time 128 | . . 90 38 Parts Recycled 1 | . 1 . . Recycled Matter 451 | . 274 . 177 Retrieved Matter . | . . . . Retrieved Components . | . . . . Parts Scanalyzed 1 | . . 1 . Part Schematics Acquired 1 | . . 1 . Parts Damaged . | . . . . Bothacking | -11 -10 -9 -8 ------------ Run | Yrd Mat Mat Mat Used RIF Installer . | . . . . Robots Hacked . | . . . . Non-combat . | . . . . Combat . | . . . . Robot Hacks Applied . | . . . . Relay Couplers Released . | . . . . Fabnet Peak Effective % . | . . . . Robots Rewired . | . . . . Allies Hacked . | . . . . Hacks Repelled . | . . . . Allies | -11 -10 -9 -8 -------- Run | Yrd Mat Mat Mat Total Allies . | . . . . Largest Group . | . . . . Highest-Rated Group . | . . . . Highest-Rated Ally . | . . . . Total Orders . | . . . . Ally Attacks . | . . . . Total Damage . | . . . . Kills . | . . . . Allies Corrupted . | . . . . Allies Melted . | . . . . Intel | -11 -10 -9 -8 ------- Run | Yrd Mat Mat Mat Active Infowar (turns) 6297 | . . 4459 1838 Optics 5054 | . . 4459 595 Sensors 4166 | . . 2889 1277 Terrain 1200 | . . 1200 . Robot Analysis Total . | . . . . Derelict Logs Recovered . | . . . . Drone Launches . | . . . . Drone Recoveries . | . . . . Exploration | -11 -10 -9 -8 ------------- Run | Yrd Mat Mat Mat Turns Passed 9149 | 154 2562 4515 1918 Spaces Moved 4050 | 95 1352 1753 850 Core 144 | 11 1 . 132 Treads 3191 | 84 802 1587 718 Legs 544 | . 378 166 . Wheels 171 | . 171 . . Hover . | . . . . Flight . | . . . . Fastest Speed 50 | 50 95 160 50 Average Speed 170 | 147 160 172 185 Slowest Speed 400 | 160 400 320 250 Overloaded Moves . | . . . . Propulsion Burnouts . | . . . . Robots Hopped . | . . . . Potential Cave-ins . | . . . . Cave-ins Triggered . | . . . . Exploration Rate (%) 62 | 7 99 81 62 Regions Visited 3 Branch Regions . Pre-discovered Areas . | . . . . Known Exits Taken . | . . . . Unknown Exits Taken 3 | 1 1 1 . Scrap Searched . | . . . . Spaces Dug . | . . . . Terrain Destroyed 100 | . 4 56 40 Melee . | . . . . Projectile . | . . . . AOE 100 | . 4 56 40 Terrain Rammed . | . . . . Walls Destroyed . | . . . . Machines Disabled . | . . . . Actions | -11 -10 -9 -8 --------- Run | Yrd Mat Mat Mat Total 5881 | 109 1620 3040 1112 Wait 1419 | . 152 1098 169 Move 4047 | 94 1351 1752 850 Hop . | . . . . Pick Up 74 | 10 16 33 15 Fast Attach 2 | . . . 2 Attach 63 | 5 15 26 17 Detach 15 | . 5 7 3 Swap 6 | . 2 3 1 Drop 22 | . 3 8 11 Fire 231 | . 76 113 42 Melee . | . . . . Ram . | . . . . Kick . | . . . . Crush 2 | . . . 2 Escape Stasis . | . . . . Rewire . | . . . . Trap . | . . . . Miscellaneous . | . . . . Route ------- -11/Scrapyard -10/Materials (discovered 4 exits: *Mat x3 / [*Min]) -9/Materials (discovered 5 exits: *Mat x2 / [*Min] / [*Sto x2]) -8/Materials (discovered 1 exit: *Fac) History --------- Turn | Location | Event 4 | -11/Scrapyard | Discovered new exit (range 15) 155 | -11/Scrapyard | Entered Materials 304 | -10/Materials | Build established: Mutant 402 | -10/Materials | Discovered new exit (range 15) 593 | -10/Materials | Discovered new exit (range 16) 1663 | -10/Materials | Core integrity fell below 50% 1695 | -10/Materials | Lost 3 parts (1p2n) 1912 | -10/Materials | Discovered new exit (range 13) 1985 | -10/Materials | Lost 4 parts (1p2n1w) 2401 | -10/Materials | Discovered new exit (range 16) 2717 | -10/Materials | Entered another Materials area 2717 | -9/Materials | Evolved 2 slots: Utility x2 2731 | -9/Materials | Discovered new exit (range 16) 3063 | -9/Materials | Lost 3 parts (2u1w) 3309 | -9/Materials | Build established: Scavenger-Mutant 3701 | -9/Materials | Discovered new exit (range 7) 3947 | -9/Materials | Discovered new exit (range 14) 4287 | -9/Materials | Discovered new exit (range 6) 4406 | -9/Materials | Repaired Hvy. EM Pulse Gun 4438 | -9/Materials | Repaired Hvy. EM Pulse Gun 4598 | -9/Materials | Build established: Mutant 4910 | -9/Materials | Discovered new exit (range 4) 5017 | -9/Materials | Repaired Lgt. Treads 6785 | -9/Materials | Core integrity fell below 50% 7122 | -9/Materials | Build established: Scavenger-Mutant 7232 | -9/Materials | Entered another Materials area 7232 | -8/Materials | Evolved 2 slots: Utility x1, Weapon x1 7633 | -8/Materials | Build established: Gunner 7710 | -8/Materials | Repaired Shock Rifle 8073 | -8/Materials | Lost 5 parts (1n1u3w) 8302 | -8/Materials | Discovered new exit (range 7) 8335 | -8/Materials | Identified exit to Factory 8635 | -8/Materials | Build established: Skirmisher 9067 | -8/Materials | Core integrity fell below 50% 9124 | -8/Materials | Lost 10 parts (2p3n1u4w) 9124 | -8/Materials | Core integrity fell below 20% 9150 | -8/Materials | Destroyed by H-61 Shepherd with Heavy Assault Cannon Last Messages --------------- No tasked investigation squads found. >>Enumerate(Guards) Retrieving latest reported positions... Security request, restricting to local area... Found 4 active security squads. Downloaded coordinate data. >>Enumerate(Squads) Retrieving dispatch records... Found 17 active squads: 7x Security 1x Surveillance 1x Patrol 5x Transport 3x Reinforcement 09141_ ALERT: Suspicious intruders detected, dispatching Cutter reinforcements to area. 09149_ Hacking Suite destroyed. 09149_ System corrupted by crushing effect (+1). 09149_ Knocked back. 09149_ C-17 Slicer destroyed. Map ----- +----------------------------------------------------+ | ????# #?##########?? | | ????# ^ #####+####+#######????????? | | ????# #??# #????????? | | ????# #??# """ """ """ #????????? | | ????# #??# """ """ """ #????????? | | ????# #### """ """ """ #????????? | | ????# + """ """ """ #????????? | | ????# #### """ """ """ #????????? | | ????# #??# #????????? | | ????# #??# ? = ! #????????? | | ????# #??# ? #????????? | | ????# #### ??? ! ?????????? | | ????# +???? ?????????? | | ????# #????######## ?????????? | | ????# ##?????????????????????? | | ????# +???????????????????? | | ????# ##########???????????????????? | | ????# #?#######????????????????????? | | ????# ## = ! #????????????????????? | | #####+##* #????????????????????? | | # # ** #????????????????????? | | # """ #/ ** #????????????????????? | | # """ # ** #????????????????????? | | # """ # ????????###???????????? | | # #+#%####### ##??????????? | | # """ # @ ????????? | | # """ + ????????? | | # """ # H ????????? | | # ## ###### ###?????????? | | # """ ## #??????? ##???????????? | | # "R ## #######????????????????? | | # """ # # #????????????????? | | ? #==Y # #????????????????? | | ?#######!%T # ]#????????????????? | | ???????#*/ + ! #????????????????? | | ???????# # #????????????????? | | ??######## ### / #????????????????? | | # # ########????????????????? | | # + #?????????? | | # ##########????????????????? | | # #?????????????????????????? | | ##########?????????????????????????? | | ???????????????????????????????????? | | | | | | | | | | | | | | | +----------------------------------------------------+ Best States ------------- Heat Dissipation 38 Energy Generation 14 Energy Capacity 265 Matter Stores 300 Matter Capacity 300 Sight Range 18 Robot Scan Range 15 Terrain Scan Range 14 Terrain Scan Density 210 Armor Coverage 225 Core Shielding 20 Evasion (%) 50 Targeting Accuracy 8 Recoil Reduction 2 Offensive Hacking 10 Item Schematics ----------------- Imp. Targeting Computer | -9/Materials | Scanalyzed Robot Schematics ------------------ None Fabricated ------------ Nothing Repaired ---------- Hvy. EM Pulse Gun | 8% | -9/Materials Lgt. Treads | 18% | -9/Materials Shock Rifle | 7% | -8/Materials Alien Tech Used ----------------- None Achievements -------------- Novice Programmer Challenges ------------ None Game ------ Seed RecyclingAssemblyMallet Manual? 0 Play Time 01:35:04 Cumulative 9.2 hours Start 2025.08.05 @ 20:10:37 End 2025.08.05 @ 21:45:59 Sessions 1 Manual Loads 0 Difficulty Rogue Special Mode None Game No. 8 Rogue 3 Adventurer 5 Explorer 0 Win Type - Total 0 Types 0/0/0/0/0/0/0/0/0/0 Lore% 6 Gallery% 11 Achievement% 12 Wizard Run 0 Options --------- Layout 1 ASCII 0 Keyboard 0 Movement Numpad Keybinds 0 Fullscreen 1 Font 16/SmallcapsGlow Map View 55x38 Zoom Use 0% Tactical HUD 1 Map Filters NONE Filters NONE Steam 1 RUN: 9801077c-d8e4-4052-802b-6c1833729577